 Dungeon Crawl Stone Soup version 0.27.1-33-g824d729ab1 (webtiles) character file.

Game seed: 8858869463598221415

592 zeram the Poker (level 7, -8/52 HPs)
             Began as a Merfolk Fighter on Dec 12, 2021.
             Mangled by an ogre (17 damage)
             ... on level 6 of the Dungeon.
             The game lasted 00:10:13 (3048 turns).

zeram the Poker (Merfolk Fighter)                   Turns: 3048, Time: 00:10:14

Health: -8/52      AC:  8    Str: 18    XL:     7   Next: 39%
Magic:  7/7        EV:  8    Int:  8    God:
Gold:   181        SH:  9    Dex: 13    Spells: 6/6 levels left

rFire    . . .     SeeInvis .   a - +0 trident
rCold    + . .     Faith    .   c - +0 kite shield
rNeg     . . .     Spirit   .   b - +0 scale mail
rPois    .         Reflect  .   f - +0 helmet
rElec    .         Harm     .   (no cloak)
rCorr    .         Rampage  .   (no gloves)
Will     .....                  (no boots)
Stlth    ..........             l - amulet of regeneration
HPRegen  1.17/turn              n - ring of protection from cold
MPRegen  0.10/turn              (no ring)

@: no status effects
A: (nimble swimmer 2), mertail
a: no special abilities


You were on level 6 of the Dungeon.
You visited 1 branch of the dungeon, and saw 6 of its levels.

You collected 181 gold pieces.

Inventory:

Hand Weapons
 a - a +0 trident (weapon)
Armour
 b - a +0 scale mail (worn)
 c - a +0 kite shield (worn)
 f - a +0 helmet (worn)
Jewellery
 l - an amulet of regeneration (around neck)
 n - a ring of protection from cold (left hand)
Wands
 o - a wand of iceblast (11)
Scrolls
 q - a scroll of magic mapping
Potions
 d - a potion of brilliance
 g - a potion of ambrosia {unknown}
 h - 2 potions of flight
 i - a potion of lignification
 j - a potion of heal wounds
 k - 3 potions of mutation
 m - a potion of haste {unknown}
 p - 2 potions of attraction


   Skills:
 - Level 3.2 Fighting
 + Level 7.7 Polearms
 + Level 3.5 Armour
 + Level 3.3 Dodging
 + Level 4.5 Shields


You had 6 spell levels left.
You didn't know any spells.
Your spell library contained the following spells:

 Spells                   Type           Power      Damage    Failure   Level
 Summon Guardian Golem    Hex/Summ       0%         N/A       100%        3
 Summon Lightning Spire   Summ/Air       0%         N/A       100%        4
 Orb of Destruction       Conj           0%         N/A       100%        7
 Spellforged Servitor     Conj/Summ      0%         N/A       100%        7
 Storm Form               Tmut/Air       0%         N/A       100%        7
 Maxwell's Capacitive Co  Air            0%         ∞         100%        8


Dungeon Overview and Level Annotations

Branches:
Dungeon (7/15)             Temple (0/1) D:6

Altars:
Ashenzari


Innate Abilities, Weirdness & Mutations

((You are quick and stealthy near water. (Stealth+, EV+, Speed+++)))
Your lower body shifts to a powerful aquatic tail in water.


Message History

No target in view!
No target in view!
No target in view!
No target in view!
No target in view!
No target in view!
No target in view!
No target in view!
No target in view!
No target in view!
An ogre comes into view. It is wielding a +0 giant club.
An ogre is nearby!
Unknown command.
You barely miss the ogre. The ogre closely misses you.
You hit the ogre.
The ogre is lightly wounded.
The ogre hits you with a +0 giant club!
You hit the ogre.
The ogre is moderately wounded.
You puncture the ogre!
The ogre is severely wounded.
The ogre misses you.
An adder comes into view.
You hit the ogre.
The ogre is severely wounded.
The ogre hits you but does no damage.
You hit the ogre.
The ogre is severely wounded.
The ogre hits you with a +0 giant club!!
You hit the ogre but do no damage.
The ogre is severely wounded.
You block the ogre's attack.
You barely miss the ogre.
The ogre is severely wounded.
The ogre hits you with a +0 giant club!
* * * LOW HITPOINT WARNING * * *
You barely miss the ogre.
The ogre is severely wounded.
The adder closely misses you. The ogre hits you with a +0 giant club!
You die...

.....#.#.#####...#.#.#*,..,,,* *,
.....................##..,,,,***,
########.#########.#.....,_,,,,,,
.....* #.# #######.#.###.,,,,,***
.....**#.###.........# *,,,,,,*
.....*,.........##.#.# ***,,,,*
.....*,*.###.#..##.#.# *,****
.....*,*,............#****,*
.....*,,,......S@$.#.....,,*
.....*,,,......O.....####***
.....*,,,......##....#
###+#*,**###...*#....# *,**,*<*
#..,*#.#..#
***+**,*,**#..,*#.#..#
,,,,,,,,,,,..,,*#.#..#
,,,,,,,,,*###,,,,..,.#***********
,,,,,,,,,,,,,,,,,,,,,,,,,,,,,,,,,


You could see an ogre and an adder.

Vanquished Creatures
  Purgy (D:4)
  A sky beast (D:6)
  A phantom (D:4)
  A howler monkey (D:6)
  A hound (D:4)
  An iguana (D:6)
  Natasha (twice) (D:2)
  Terence (D:2)
  Robin (D:2)
  6 adders
  An ufetubus (D:4)
  A worm (D:2)
  An adder skeleton (D:4)
  2 dart slugs
  3 orcs
  3 bats
  11 endoplasms
  A giant cockroach (D:1)
  15 goblins
  6 hobgoblins
  6 jackals (D:1)
  5 kobolds
  2 quokkas
  5 ball pythons
  5 frilled lizards
  A rat (D:1)
84 creatures vanquished.

Notes
Turn   | Place    | Note
-------+----------+-------------------------------------------
     0 | D:1      | zeram the Merfolk Fighter began the quest for the Orb.
     0 | D:1      | Reached XP level 1. HP: 18/18 MP: 1/1
   100 | D:1      | Found a faded altar of an unknown god.
   124 | D:1      | Reached XP level 2. HP: 20/24 MP: 2/2
   606 | D:1      | Reached XP level 3. HP: 29/29 MP: 3/3
  1107 | D:2      | Reached skill level 4 in Polearms
  1298 | D:2      | Reached skill level 1 in Dodging
  1298 | D:2      | Reached XP level 4. HP: 32/35 MP: 4/4
  1346 | D:2      | Noticed Terence
  1355 | D:2      | Killed Terence
  1356 | D:2      | Reached skill level 5 in Polearms
  1415 | D:2      | Noticed Natasha
  1426 | D:2      | Killed Natasha
  1454 | D:2      | Reached XP level 5. HP: 37/41 MP: 5/5
  1531 | D:2      | Noticed Robin
  1563 | D:2      | Killed Robin
  1611 | D:2      | Reached skill level 6 in Polearms
  1727 | D:2      | Noticed Natasha
  1735 | D:2      | Killed Natasha
  2133 | D:3      | Found a broken altar of Ashenzari.
  2502 | D:4      | Noticed Purgy
  2513 | D:4      | Reached XP level 6. HP: 34/47 MP: 6/6
  2560 | D:4      | Killed Purgy
  2663 | D:4      | Reached skill level 7 in Polearms
  2769 | D:4      | Reached XP level 7. HP: 44/52 MP: 7/7
  2864 | D:4      | You fall into a shaft and drop 3 floors!
  3048 | D:6      | Mangled by an ogre

Illustrated notes

Levels and vault maps discovered:
D:1:      minmay_arrival_shattered_statue, layout_loops_ring,
          shapermc_ecumenical_altar_mp_highgroup
D:2:      layout_basic, grunt_decor_junction, uniq_robin, uniq_terence,
          uniq_natasha
D:3:      layout_loops_ring, nicolae_ashenzari_skybound
D:4:      layout_basic, minmay_diced_spiral, uniq_purgy, uniq_crazy_yiuf_cottage
D:6:      minmay_chambers_of_sixes, layout_basic,
          nicolae_overflow_crystal_walls, minmay_temple_entry_nine_rooms,
          uniq_pikel
D:7:      layout_cave_pods, fiery_altar_vehumet, grunt_temple_overflow_diamond,
          kennysheep_generic_room_5, uniq_harold

Skill      XL: |  1  2  3  4  5  6  7 |
---------------+----------------------+-----
Polearms       | 4 5 6 7 |  7.7
Dodging        | 1 2 3 |  3.3
Armour         | 3 |  3.5
Shields        | 4 |  4.5
Fighting       | |  3.2

Action                   |  1- 3 |  4- 6 |  7- 9 || total
-------------------------+-------+-------+-------++-------
Melee: Trident           |   113 |   210 |    38 ||   361
  Use: Scroll            |     1 |     5 |     4 ||    10
       Potion            |       |     2 |       ||     2
Armor: Scale mail        |    54 |    96 |    11 ||   161
       Skin              |       |    53 |       ||    53
Dodge: Dodged            |    30 |    70 |     8 ||   108
Block: Kite shield       |    36 |   130 |    13 ||   179
